 Dungeon Crawl Stone Soup version 0.22.1-2-g9c5b331383 (webtiles) character file.

3625 Marnok the Carver (level 9, 0/79 HPs)
             Began as a Yellow Draconian Chaos Knight on Nov 30, 2018.
             Slain by a killer bee (1 damage)
             ... on level 9 of the Dungeon.
             The game lasted 01:02:56 (8664 turns).

Marnok the Carver (Yellow Draconian Chaos Knight)   Turns: 8664, Time: 01:02:57

Health: 0/79       AC: 12    Str: 23      XL:     9   Next: 87%
Magic:  8/8        EV: 15    Int: 13      God:    Xom [....*.]
Gold:   444        SH:  0    Dex: 13 (16) Spells: 8/8 levels left

rFire    . . .     SeeInvis .   a - +1 falchion (chaos)
rCold    + . .     Gourm    .   (no shield)
rNeg     . . .     Faith    .   (armour unavailable)
rPois    .         Spirit   .   (helmet restricted)
rElec    .         Reflect  .   m - +2 cloak
rCorr    +         Harm     .   h - +1 pair of gloves
MR       .....                  (no boots)
Stlth    +++.......             (no amulet)
HPRegen  0.23/turn              j - ring of flight
MPRegen  0.11/turn              s - ring of protection from cold

@: mighty, lethally poisoned (0 -> -12), hasted, very quick
A: spit acid, acid resistance, unfitting armour, agile 2, low mp 1, strong 1,
cold-blooded, AC +7
a: Breathe Acid, Renounce Religion, Evoke Flight


You were on level 9 of the Dungeon.
You worshipped Xom.
You were a beloved toy of Xom.
You were not hungry.

You visited 1 branch of the dungeon, and saw 10 of its levels.
You also visited: Ossuary and Bailey.

You collected 444 gold pieces.

Inventory:

Hand Weapons
 a - a +1 falchion of chaos (weapon)
 n - a +1 dagger of venom
 t - a +3 falchion
 w - a +2 war axe of freezing
 E - the +2 morningstar of Dissatisfaction {venom, +Blink}
   (You found it on level 8 of the Dungeon)

   It poisons the flesh of those it strikes.
   It lets you blink.
 F - a +2 halberd of electrocution
 U - a +2 halberd of electrocution
Missiles
 c - 61 tomahawks of returning (quivered)
 y - 2 throwing nets
Armour
 g - a +0 robe
 h - a +1 pair of gloves (worn)
 m - a +2 cloak (worn)
Magical Staves
 f - an uncursed staff of wizardry {unknown}
Jewellery
 j - a ring of flight (left hand)
 s - a ring of protection from cold (right hand)
Wands
 e - a wand of random effects (29)
 x - a wand of iceblast (9)
Scrolls
 d - 2 scrolls of teleportation
 i - 4 scrolls of remove curse
 l - a scroll of amnesia
 p - a scroll of immolation
 z - 2 scrolls of fog
 A - 5 scrolls of identify
 D - 2 scrolls of noise {unknown}
 O - a scroll of acquirement {unknown}
Potions
 o - a potion of lignification
 q - 2 potions of brilliance
 r - a potion of agility
 v - a potion of flight
 B - a potion of degeneration
 C - 2 potions of resistance
 M - 2 potions of magic
 P - 3 potions of mutation
 Q - a potion of curing {unknown}
 S - 2 potions of berserk rage
 V - a potion of haste
Comestibles
 b - 12 rations


   Skills:
 + Level 7.0 Fighting
 + Level 9.9 Long Blades
 + Level 1.4 Throwing
 + Level 5.7 Dodging
 + Level 6.2 Stealth
 + Level 0.2 Evocations


You had 8 spell levels left.
You didn't know any spells.
Your spell library contained the following spells:

 Spells                   Type           Power        Failure   Level  Hunger
 Magic Dart               Conj           #...         30%         1    ##.....
 Blink                    Tloc           N/A          43%         2    ###....
 Call Imp                 Summ           #.......     43%         2    ###....
 Slow                     Hex            #.......     43%         2    ###....
 Conjure Flame            Conj/Fire      #.......     67%         3    ####...
 Mephitic Cloud           Conj/Pois/Air  #.......     67%         3    ####...


Dungeon Overview and Level Annotations

Branches:
Dungeon (10/15)            Temple (0/1) D:4             Orc (0/2) D:10
   Lair: D:8-11

Altars:
Ashenzari
Elyvilon
Fedhas
Nemelex Xobeh
Qazlal
Ru
Xom
Zin

Shops:
D:8 :

Annotations:
D:3 2 transporters, grot's ghost, amateur CeHu
D:10 Fannar


Innate Abilities, Weirdness & Mutations

You can spit globs of acid.
You are resistant to acid.
Your golden yellow scales are hard. (AC +7)
You cannot fit into any form of body armour.
You are cold-blooded and may be slowed by cold attacks.
You are very agile. (Dex +4)
Your magical capacity is low. (-10% MP)
Your muscles are strong. (Str +2)


Message History

There is a stone staircase leading down here.
It was a potion of mutation.
You feel extremely strange.
Your vision sharpens a little.
You feel healthier.
Your vision sharpens.
You feel clever.
You feel agile.
You feel less energetic.
You feel agile.
Xom thinks this is hilarious!
You feel sick.
You hear Xom's avuncular chuckle.
The killer bee evaporates and reforms as a scorpion!
You are now a beloved toy of Xom.
The killer bee barely misses you. The killer bee stings you.
* * * LOW HITPOINT WARNING * * *
You are more poisoned.
The killer bee poisons you! The killer bee barely misses you.
The killer bee closely misses you.
You feel very mighty all of a sudden.
* * * LOW HITPOINT WARNING * * *
You feel sick. The killer bee stings you.
* * * LOW HITPOINT WARNING * * *
The killer bee stings you.
You die...

#.....##
#......#
#......#
#...Z..+
#......#
#......#
#..yy..#
#...@..#
#..s...#
#......#
#......#
#......#
#......#
#......#
#.......


You could see a scorpion, 2 killer bees and a howler monkey skeleton (dormant).

Vanquished Creatures
  An orc knight (Bailey)
  A hippogriff (D:8)
  2 yaks (D:8)
  A wraith (Ossuary)
  Menkaure (D:7)
  A water moccasin (D:8)
  An ice beast (D:7)
  3 orc warriors
  2 sky beasts (D:7)
  3 ogres
  2 centaurs
  2 bullfrogs
  An elf skeleton (D:7)
  A scorpion (D:10)
  5 killer bees
  2 howler monkeys (D:10)
  A howler monkey (shapeshifter) (D:7)
  A crimson imp (D:5)
  5 orc wizards
  A bullfrog zombie (D:7)
  A gnoll shaman (D:6)
  A jelly (D:5)
  A bullfrog skeleton (D:4)
  6 hounds
  A worker ant (D:7)
  A hound zombie (D:7)
  2 hound skeletons (D:5)
  A mummy (Ossuary)
  4 worker ant zombies
  8 adders
  21 gnolls
  4 shadow imps
  An adder zombie (D:7)
  An ooze (D:3)
  5 worms
  7 dart slugs
  7 leopard geckos
  17 orcs
  6 giant cockroaches
  15 hobgoblins
  6 jackals
  6 quokkas
  6 bats
  4 frilled lizards
  3 gnoll skeletons (Ossuary)
  15 goblins
  A jackal zombie (D:5)
  19 kobolds
  11 kobold skeletons (Ossuary)
  12 orc skeletons
  A quokka skeleton (D:5)
  7 rats
238 creatures vanquished.

Vanquished Creatures (collateral kills)
  A bullfrog skeleton (D:6)
  A gnoll (D:6)
  An adder (D:5)
  An orc (D:8)
4 creatures vanquished.

Vanquished Creatures (others)
  A gnoll (Bailey)
  A hobgoblin (Bailey)
  2 kobolds (Bailey)
4 creatures vanquished.

Grand Total: 246 creatures vanquished

Notes
Turn   | Place    | Note
-------+----------+-------------------------------------------
     0 | D:1      | Marnok the Draconian Chaos Knight began the quest for the
                  | Orb.
     0 | D:1      | Reached XP level 1. HP: 19/19 MP: 1/1
    13 | D:1      | XOM: harmless Erth miscast
   103 | D:1      | XOM: divination: detect creatures
   119 | D:1      | Reached XP level 2. HP: 25/26 MP: 2/2
   515 | D:1      | Reached XP level 3. HP: 28/33 MP: 3/3
   804 | D:2      | Xom revived you
   815 | D:2      | XOM: divination: detect items
  1165 | D:2      | Found a glowing silver altar of Zin.
  1223 | D:2      | Reached XP level 4. HP: 36/40 MP: 4/4
  1232 | D:2      | Reached skill level 4 in Long Blades
  1505 | D:2      | XOM: noise
  1530 | D:2      | Reached skill level 1 in Stealth
  1530 | D:2      | Reached XP level 5. HP: 37/46 MP: 5/5
  1579 | D:2      | XOM: give mutations
  1579 | D:2      | Gained mutation: You are weak. (Str -2) [Xom's mischief]
  1579 | D:2      | Gained mutation: You are dopey. (Int -2) [Xom's mischief]
  1579 | D:2      | Gained mutation: Scrolls take you a little longer to read.
                  | [Xom's mischief]
  1613 | D:3      | XOM: god gift: short glowing staff {god gift}
  1630 | D:3      | XOM: mild Summ miscast
  1691 | D:4      | XOM: harmless Fire miscast
  1889 | D:3      | Reached skill level 5 in Long Blades
  1997 | D:3      | XOM: blink monster(s)
  2050 | D:3      | Found a transporter.
  2050 | D:3      | Noticed grot's ghost (amateur CeHu)
  2330 | D:3      | Found a transporter.
  2398 | D:4      | Reached XP level 6. HP: 53/53 MP: 6/6
  2465 | D:5      | Entered Level 5 of the Dungeon
  2529 | D:4      | Found a staircase to the Ecumenical Temple.
  2719 | D:4      | XOM: god gift: 28 arrows
  2731 | D:4      | Reached skill level 6 in Long Blades
  2857 | D:4      | Found a shattered altar of Ashenzari.
  2911 | D:4      | Found a blossoming altar of Fedhas.
  3368 | D:4      | Your scales start taking on a golden yellow colour.
  3368 | D:4      | Reached XP level 7. HP: 56/60 MP: 7/7
  4194 | D:5      | Found a sacrificial altar of Ru.
  4267 | D:5      | XOM: enchant monster (good)
  4380 | D:5      | Found a sparkling altar of Nemelex Xobeh.
  4380 | D:5      | XOM: 6-stop teleportation journey
  4581 | D:5      | XOM: summons friendly shadow imp
  4592 | D:5      | Reached skill level 5 in Fighting
  4669 | D:5      | Reached skill level 7 in Long Blades
  4734 | D:5      | Found a white marble altar of Elyvilon.
  4956 | D:6      | XOM: divination: detect items
  5179 | D:6      | XOM: cast spell 'Olgreb's Toxic Radiance'
  5191 | D:6      | Reached XP level 8. HP: 67/68 MP: 8/8
  5262 | D:7      | XOM: polymorph hound -> killer bee
  5308 | D:7      | XOM: summons friendly shadow imp
  5312 | D:7      | Noticed Menkaure
  5317 | D:7      | Killed Menkaure
  5399 | D:7      | Reached skill level 8 in Long Blades
  5409 | D:7      | Found a sand-covered staircase.
  5414 | Ossuary  | Entered an ossuary
  5457 | Ossuary  | XOM: divination: detect items
  5468 | Ossuary  | XOM: harmless Ice miscast
  5635 | Ossuary  | XOM: stat loss: -1 Str (12/13)
  5671 | D:7      | Found a shimmering altar of Xom.
  5671 | D:7      | XOM: 11-stop teleportation journey
  5772 | D:7      | XOM: god gift: fizzy emerald potion {god gift}
  5865 | D:7      | XOM: give mutations
  5865 | D:7      | Lost mutation: You are weak. (Str -2) [Xom's mischief]
  5865 | D:7      | Gained mutation: Your body sometimes deteriorates upon
                  | taking damage. [Xom's mischief]
  5989 | D:7      | XOM: scenery: create altars
  5992 | D:7      | XOM: destruction
  6317 | D:7      | Reached skill level 9 in Long Blades
  6465 | D:8      | Reached XP level 9. HP: 74/75 MP: 9/9
  6582 | D:8      | Found a stormy altar of Qazlal.
  6590 | D:8      | XOM: 2-stop teleportation journey
  6614 | D:8      | XOM: repel stairs
  6954 | D:8      | Found Kalokint's Book Boutique.
  6987 | D:8      | Reached skill level 5 in Stealth
  7181 | D:8      | XOM: give mutation
  7181 | D:8      | Gained mutation: Scrolls take you longer to read. [Xom's
                  | mischief]
  7234 | D:8      | XOM: confuse monster(s)
  7246 | D:8      | Reached skill level 5 in Dodging
  7426 | D:8      | Got a twisted morningstar
  7479 | D:9      | XOM: give mutation
  7479 | D:9      | Gained mutation: Your muscles are strong. (Str +2) [Xom's
                  | grace]
  7481 | D:10     | Entered Level 10 of the Dungeon
  7481 | D:10     | Found a staircase to the Orcish Mines.
  7505 | D:10     | Found a flagged portal.
  7520 | Bailey   | Entered a bailey
  7557 | Bailey   | XOM: confusion
  7811 | Bailey   | Noticed an orc knight
  7825 | Bailey   | XOM: destruction
  7840 | Bailey   | HP: 1/78 [gnoll/halberd of electrocution (3)]
  7842 | Bailey   | Killed an orc knight
  7929 | Bailey   | XOM: 3-stop teleportation journey
  7963 | Bailey   | XOM: scenery: 1 doors open
  8261 | Bailey   | Identified the +2 morningstar of Dissatisfaction {venom,
                  | +Blink} (You found it on level 8 of the Dungeon)
  8331 | D:10     | Reached skill level 1 in Throwing
  8388 | D:10     | Noticed Fannar
  8426 | D:10     | XOM: confuse monster(s)
  8460 | D:10     | XOM: summons friendly ufetubus
  8472 | D:10     | XOM: polymorph ice beast -> wyvern
  8646 | D:10     | XOM: torment (29/79 hp)
  8662 | D:9      | XOM: potion effect (haste)
  8663 | D:9      | Lost mutation: Scrolls take you longer to read. [potion of
                  | mutation]
  8663 | D:9      | Lost mutation: Your body sometimes deteriorates upon taking
                  | damage. [potion of mutation]
  8663 | D:9      | Lost mutation: Scrolls take you a little longer to read.
                  | [potion of mutation]
  8663 | D:9      | Lost mutation: You are dopey. (Int -2) [potion of mutation]
  8663 | D:9      | Gained mutation: You are agile. (Dex +2) [potion of
                  | mutation]
  8663 | D:9      | Gained mutation: Your magical capacity is low. (-10% MP)
                  | [potion of mutation]
  8663 | D:9      | Gained mutation: You are very agile. (Dex +4) [potion of
                  | mutation]
  8663 | D:9      | XOM: polymorph killer bee -> scorpion
  8664 | D:9      | HP: 3/79 [poisoned by a killer bee]
  8664 | D:9      | HP: 1/79 [killer bee (2)]
  8664 | D:9      | Slain by a killer bee

Skill      XL: |  1  2  3  4  5  6  7  8  9 |
---------------+----------------------------+-----
Fighting       | 4 5 6 7 |  7.0
Long Blades    | 4 5 6 7 9 |  9.9
Dodging        | 3 4 5 |  5.7
Stealth        | 1 3 4 6 |  6.2
Throwing       | 1 |  1.4
Evocations     | |  0.2

Action                   |  1- 3 |  4- 6 |  7- 9 || total
-------------------------+-------+-------+-------++-------
Melee: Falchion          |   104 |   174 |   467 ||   745
       Tailslap          |    12 |    23 |    63 ||    98
Throw: Tomahawk          |       |       |    25 ||    25
 Abil: Breathe Acid      |       |       |     9 ||     9
Evoke: Wand              |       |       |     3 ||     3
  Use: Scroll            |     6 |     1 |    10 ||    17
       Potion            |     1 |     3 |    18 ||    22
 Stab: Sleeping          |     2 |     1 |    15 ||    18
       Confused          |       |     2 |     5 ||     7
       Petrifying        |       |     1 |     1 ||     2
       Paralysed         |       |       |    13 ||    13
  Eat: Ration            |     1 |       |     5 ||     6
       Chunk             |       |     5 |     3 ||     8
Armor: Skin              |    35 |    55 |   177 ||   267
Dodge: Dodged            |    87 |   104 |   319 ||   510
       Rpst.: Falchion   |    21 |    30 |    73 ||   124
